 Dungeon Crawl Stone Soup version 0.31-a0-246-g8cbcc1cb85 (webtiles) character file.

Game seed: 7304694785375455618

25 qw the Shooter (level 2, 0/24 HPs)
             Began as a Minotaur Hexslinger on July 12, 2023.
             Succumbed to an adder's poison
             ... on level 2 of the Dungeon.
             The game lasted 00:00:21 (1032 turns).

qw the Shooter (Minotaur Hexslinger)                Turns: 1032, Time: 00:00:22

Health: 0/24       AC:  2    Str: 12    XL:     2   Next: 82%
Magic:  2/2        EV: 12    Int: 10    God:
Gold:   25         SH:  0    Dex: 12    Spells: 2/3 levels left

rFire   . . .        Y - +1 sling
rCold   . . .        (no shield)
rNeg    . . .        c - +0 robe
rPois   .            (helmet restricted)
rElec   .            (no cloak)
rCorr   .            (no gloves)
SInv    .            (no boots)
Will    .....        (no amulet)
Stlth   +            (no ring)
HPRegen 0.24/turn    (no ring)
MPRegen 0.08/turn

%: no passive effects
@: lethally poisoned (0 -> -10)
A: horns 2, retaliatory headbutt
a: no special abilities


You were on level 2 of the Dungeon.
You visited 1 branch of the dungeon, and saw 2 of its levels.

You collected 25 gold pieces.


Innate Abilities, Weirdness & Mutations

You have a pair of horns on your head.
You reflexively headbutt those who attack you in melee.


   Skills:
 - Level 2.0 Fighting
 + Level 3.4 Ranged Weapons
 - Level 2.1 Dodging
 - Level 1.0 Spellcasting
 - Level 2.0 Hexes


You had 2 spell levels left.
You knew the following spells:

 Your Spells              Type           Power      Damage    Failure   Level
a - Slow                  Hex            16%        N/A       16%         1

Your spell library contained the following spells:

 Spells                   Type           Power      Damage    Failure   Level
 Inner Flame              Hex/Fire       2%         N/A       56%         3
 Portal Projectile        Hex/Tloc       4%         N/A       56%         3
 Cause Fear               Hex            2%         N/A       83%         4

Inventory:

Hand Weapons
 Y - a +1 sling (weapon)
Armour
 c - a +0 robe (worn)
 h - a +0 ring mail
Jewellery
 a - a ring of flight
Scrolls
 b - a scroll of fear {unknown}
 d - a scroll of enchant weapon {unknown}
 e - a scroll of blinking {unknown}
 f - a scroll of vulnerability {unknown}
 g - a scroll of amnesia {unknown}
 i - a scroll of brand weapon {unknown}

Dungeon Overview and Level Annotations

Branches:
Dungeon (2/15)

Altars:


Message History

You shoot a sling bullet.
The sling bullet hits the adder but does no damage.
The adder hisses angrily.
You shoot a sling bullet.
The sling bullet barely misses the adder.
You shoot a sling bullet. The sling bullet hits the adder.
The adder is lightly wounded.
You shoot a sling bullet. The sling bullet hits the adder.
The adder is severely wounded.
You shoot a sling bullet. The sling bullet hits the adder.
The adder is severely wounded.
The adder bites you. The adder closely misses you. You furiously retaliate!
You headbutt the adder. You shoot a sling bullet.
The sling bullet barely misses the adder.
The adder bites you.
You are poisoned.
The adder poisons you!
You shoot a sling bullet. The sling bullet misses the adder.
You feel sick. The adder bites you. The adder closely misses you.
You shoot a sling bullet.
The sling bullet barely misses the adder.
You feel sick. The adder bites you.
You are more poisoned.
The adder poisons you! The adder bites you.
You shoot a sling bullet. The sling bullet hits the adder.
The adder is almost dead.
You feel very sick. The adder closely misses you.
You shoot a sling bullet.
The sling bullet barely misses the adder.
You feel sick. The adder closely misses you. The adder barely misses you.
You shoot a sling bullet.
The sling bullet closely misses the adder.
You feel sick. The adder bites you.
You are more poisoned.
The adder poisons you! The adder bites you but does no damage.
You shoot a sling bullet.
The sling bullet closely misses the adder.
You die...

...#....#%##########.#
.########.# #.#
..........# #.#
.......#### #.# ..####.#
#######.# #.####.#
#....##.# ....##.#
#.##....# #.#.##.#
#.#######.# #.#.##.#
#..@S......
#.#.##.###############..
#.#.##..........#
..#.###########.#
###...........#.#
#...#.#######.#.#
..###.# #.#.# ....#.#
#...# .#..#.# #####


You could see an adder.

Vanquished Creatures
  2 endoplasms
  2 giant cockroaches
  2 goblins
  5 hobgoblins
  2 quokkas
  4 ball pythons
  4 kobolds
  2 rats
23 creatures vanquished.

Notes
Turn   | Place    | Note
-------+----------+-------------------------------------------
     0 | D:1      | qw the Minotaur Hexslinger began the quest for the Orb.
     0 | D:1      | Reached XP level 1. HP: 16/16 MP: 1/1
     0 | D:1      | 0 ||| qw: Version: 0.3-a-52-g30416fa
     0 | D:1      | 0 ||| qw: Game counter: 6409
     0 | D:1      | 0 ||| qw: Melee chars always use a shield: true
     0 | D:1      | 0 ||| qw: God list: Okawaru
     0 | D:1      | 0 ||| qw: Allow faded altars: false
     0 | D:1      | 0 ||| qw: Do Orc after clearing Dungeon:15 true
     0 | D:1      | 0 ||| qw: Do second Lair branch before Depths: true
     0 | D:1      | 0 ||| qw: Lair rune preference: random
     0 | D:1      | 0 ||| qw: Goals: Normal
     0 | D:1      | 0 ||| PLANNING D:1-11
   137 | D:1      | Reached skill level 3 in Ranged Weapons
   137 | D:1      | Reached XP level 2. HP: 19/23 MP: 2/2
   529 | D:1      | 529 ||| READING scroll labelled BIXIZXO ELASU.
   530 | D:1      | 530 ||| READING 2 scrolls labelled OKKYTI EXASS.
   531 | D:1      | 531 ||| READING scroll labelled HERURICSYPT.
   532 | D:1      | 532 ||| DROPPING scroll of poison.
   533 | D:1      | 533 ||| DROPPING scroll of fog.
   573 | D:2      | 573 ||| FLEEEEING.
   576 | D:2      | 576 ||| STAIRDANCE
  1030 | D:2      | HP: 6/24 [poisoned by an adder]
  1032 | D:2      | Succumbed to an adder's poison

Levels and vault maps discovered:
D:1:      dpeg_arrival_court, layout_rooms
D:2:      layout_basic, grunt_ministairs_6, uniq_jessica

Skill      XL: |  1  2 |
---------------+-------+-----
Ranged Weapons | 3 |  3.4
Fighting       | 2 |  2.0
Dodging        | |  2.1
Spellcasting   | |  1.0
Hexes          | |  2.0

Action                     || total
---------------------------++-------
   Fire: Sling             ||    80
    Use: Scroll            ||     3
 Armour: Robe              ||     3
  Dodge: Dodged            ||    14

Table legend:
 A = Non-vault XP
 B = Vault XP
 C = Vault XP percentage of total XP
 D = Non-vault monster count
 E = Vault monster count
 F = Vault count percentage of total count
                 A         B        C        D         E       F
            +---------+---------+-------+---------+---------+-------
      Total |      35 |       1 |   2.8 |      22 |       1 |   4.3
            +---------+---------+-------+---------+---------+-------
        D:1 |      22 |       0 |   0.0 |      14 |       0 |   0.0
        D:2 |      13 |       1 |   7.1 |       8 |       1 |  11.1
            +---------+---------+-------+---------+---------+-------
